Map: Troizinia LE

Players

Jimmy

  • Race: Protoss Protoss
  • Spawn Location: 5:00

soso

  • Race: Protoss Protoss
  • Spawn Location: 5:00

soulreapor

  • Race: Terran Terran
  • Spawn Location: 3:00

JamesLucifer

  • Race: Terran Terran
  • Spawn Location: 6:00

TheWordInRed - Winner!

  • Race: Protoss Protoss
  • Spawn Location: 11:00

Darc - Winner!

  • Race: Protoss Protoss
  • Spawn Location: 9:00

Infamous - Winner!

  • Race: Protoss Protoss
  • League: Gold
  • Spawn Location: 11:00

NastyBoogeR - Winner!

  • Race: Protoss Protoss
  • Spawn Location: 12:00

VOD

Have the link to the VOD?

Description

Time

  • Played on: April 13, 2018, 8:05 a.m.
  • Length: 15:39
Show
View Real Time Build Order
Export as new Build Order

Jimmy Protoss 

Build Orders: Nexus First 

Get SALT Encoding   

  12  0:03  Probe  
  13  0:15  Probe  
  13  0:19  Pylon  
  14  0:52  Nexus  
  14  0:58  Probe  
  15  1:05  Pylon  
  15  1:10  Probe  
  16  1:22  Probe  
  17  1:27  Gateway  
  17  1:34  Probe  
  17  1:35  Assimilator  
  18  1:46  Probe  
  19  1:48  Assimilator  
  19  1:58  Probe  
  20  2:10  Probe  
  20  2:11  Forge  
  20  2:14  Probe  
  22  2:22  Assimilator  
  22  2:24  Probe  
  22  2:26  Probe  
  24  2:36  Cybernetics Core  
  24  2:39  Probe (Chrono Boost)  
  25  2:49  Probe (Chrono Boost)  
  26  2:51  Probe (Chrono Boost)  
  26  2:54  Probe (Chrono Boost)  
  26  2:58  Probe  
  28  3:01  Pylon  
  28  3:04  Assimilator  
  28  3:05  Probe  
  30  3:17  Probe  
  31  3:24  Stargate  
  31  3:29  Pylon, Probe  
  32  3:39  Pylon  
  32  3:41  Probe, Stargate  
  33  3:48  Pylon  
  33  3:53  Probe  
  33  3:55  Probe  
  35  4:03  Pylon  
  35  4:05  Probe  
  35  4:07  Probe  
  35  4:09  Pylon  
  37  4:10  Void Ray  
  41  4:18  Probe, Protoss Air Weapons Level 1  
  41  4:19  Probe  
  43  4:26  Cybernetics Core  
  43  4:30  Probe  
  44  4:34  Probe  
  45  4:39  Pylon  
  45  4:43  Probe  
  46  4:46  Probe  
  46  4:49  Stargate  
  47  4:55  Probe  
  47  4:58  Probe  
  49  5:02  Fleet Beacon  
  49  5:05  Pylon  
  49  5:07  Probe  
  50  5:20  Probe  
  51  5:24  Pylon  
  51  5:25  Void Ray  
  55  5:32  Probe  
  56  5:38  Protoss Air Armor Level 1  
  56  5:44  Pylon  
  56  5:48  Pylon  
  56  5:59  Void Ray  
  56  6:00  Void Ray  
  64  6:08  Pylon  
  64  6:20  Protoss Air Weapons Level 2  
  64  6:28  Robotics Facility  
  64  6:38  Stargate  
  64  6:40  Stargate  
  64  7:08  Void Ray  
  64  7:12  Carrier  
  74  7:57  Carrier  
  74  7:58  Carrier x2  
  92  8:16  Observer  
  93  8:33  Robotics Bay  
  93  8:39  Pylon  
  93  8:45  Pylon  
  93  8:47  Void Ray  
  97  8:54  Graviton Catapult  
  97  8:57  Carrier  
  103  9:09  Pylon  
  103  9:11  Pylon  
  103  9:12  Pylon  
  103  9:17  Pylon  
  103  9:25  Observer  
  103  9:28  Protoss Air Weapons Level 3  
  104  9:40  Observer Gravitic Boosters  
  104  9:48  Twilight Council  
  104  9:55  Void Ray  
  104  9:57  Void Ray  
  88  11:14  Carrier x4  
  112  11:52  Nexus, Mothership  
  120  11:57  Carrier  
  102  12:09  Pylon  
  102  12:25  Protoss Air Armor Level 2  
  102  12:38  Observer  
  103  12:56  Assimilator  
  103  13:01  Assimilator  
  103  13:04  Probe  
  104  13:16  Probe  
  105  13:28  Probe  
  106  13:40  Probe  
  107  13:52  Probe  
Show
View Real Time Build Order
Export as new Build Order

soso Protoss 

Build Orders: Carrier Rush 

Get SALT Encoding   

  12  0:02  Probe  
  14  0:14  Probe  
  14  0:18  Pylon  
  14  0:26  Probe  
  15  0:39  Probe (Chrono Boost)  
  16  0:48  Probe (Chrono Boost)  
  17  0:53  Probe (Chrono Boost)  
  18  1:05  Probe  
  19  1:12  Nexus  
  19  1:22  Gateway  
  19  1:25  Probe, Assimilator  
  20  1:45  Probe (Chrono Boost)  
  21  1:52  Assimilator  
  22  1:55  Probe (Chrono Boost)  
  22  2:00  Probe (Chrono Boost)  
  23  2:11  Pylon  
  23  2:13  Cybernetics Core  
  23  2:25  Probe (Chrono Boost)  
  23  2:27  Probe (Chrono Boost)  
  26  2:39  Probe (Chrono Boost)  
  26  2:42  Probe (Chrono Boost)  
  27  2:45  Probe (Chrono Boost)  
  27  2:48  Probe (Chrono Boost)  
  29  3:01  Stargate  
  29  3:10  Assimilator  
  30  3:12  Probe  
  30  3:14  Assimilator  
  30  3:25  Probe  
  31  3:31  Pylon  
  31  3:34  Pylon  
  31  3:37  Probe  
  31  3:38  Probe  
  31  3:39  Forge  
  31  3:40  Protoss Air Weapons Level 1 (Chrono Boost)  
  31  3:41  Pylon  
  33  3:49  Probe  
  33  3:50  Fleet Beacon  
  33  3:51  Probe  
  35  4:01  Probe  
  36  4:05  Stargate  
  36  4:13  Probe (Chrono Boost)  
  37  4:23  Photon Cannon  
  38  4:24  Probe (Chrono Boost)  
  38  4:29  Probe (Chrono Boost)  
  39  4:34  Carrier  
  45  4:39  Probe  
  45  4:45  Pylon  
  46  4:51  Probe  
  47  4:57  Carrier  
  53  5:03  Probe  
  54  5:08  Anion Pulse-Crystals  
  53  5:16  Probe  
  53  5:20  Photon Cannon  
  54  5:27  Photon Cannon  
  54  5:31  Photon Cannon  
  43  5:55  Photon Cannon  
  39  6:04  Carrier  
  45  6:12  Stargate  
  45  6:13  Probe (Chrono Boost), Stargate  
  46  6:23  Probe (Chrono Boost)  
  47  6:28  Probe (Chrono Boost)  
  48  6:39  Probe  
  49  6:51  Probe  
  50  6:54  Carrier  
  50  6:56  Carrier  
  50  6:57  Carrier  
  68  7:03  Probe (Chrono Boost)  
  68  7:05  Protoss Air Armor Level 1 (Chrono Boost)  
  69  7:13  Probe (Chrono Boost)  
  70  7:18  Probe (Chrono Boost)  
  63  7:32  Probe  
  64  7:45  Probe  
  64  7:46  Probe  
  66  7:57  Probe  
  67  7:58  Probe  
  68  8:08  Nexus  
  68  8:09  Probe  
  68  8:11  Probe, Protoss Shields Level 1  
  70  8:16  Carrier  
  76  8:20  Graviton Catapult  
  76  8:21  Probe  
  76  8:23  Probe  
  78  8:36  Pylon  
  78  8:38  Pylon  
  78  8:54  Probe (Chrono Boost)  
  80  8:59  Probe (Chrono Boost)  
  80  9:04  Probe (Chrono Boost), Carrier  
  80  9:09  Probe (Chrono Boost)  
  87  9:10  Pylon  
  88  9:20  Probe  
  89  9:26  Carrier  
  95  9:33  Probe  
  96  9:44  Assimilator  
  96  9:48  Probe, Assimilator  
  96  9:52  Nexus  
  97  10:15  Probe  
  98  10:27  Probe  
  99  10:39  Probe  
  100  10:51  Carrier x2  
  112  11:03  Carrier  
  118  11:35  Probe  
  119  11:44  Assimilator  
  119  11:47  Probe  
  96  12:36  Carrier x4  
  120  12:39  Probe  
  120  12:44  Probe  
  122  12:51  Probe  
  123  12:53  Protoss Air Weapons Level 2 (Chrono Boost)  
  123  12:56  Probe  
  124  13:03  Probe  
  125  13:06  Twilight Council  
  125  13:08  Probe  
  125  13:11  Assimilator  
  126  13:15  Probe  
  127  13:20  Probe  
  128  13:27  Probe  
  128  13:32  Probe  
Show
View Real Time Build Order
Export as new Build Order

soulreapor Terran 

Build Orders:  

Get SALT Encoding   

  12  0:01  SCV  
  13  0:15  Supply Depot  
  13  0:18  SCV  
  14  0:31  SCV, Refinery  
  15  0:44  SCV  
  16  0:52  Barracks  
  16  0:56  SCV  
  17  1:10  Refinery  
  17  1:13  SCV  
  18  1:21  Supply Depot  
  18  1:25  SCV  
  19  1:34  Engineering Bay  
  19  1:37  SCV  
  20  1:49  SCV  
  21  2:01  Marine, SCV  
  21  2:06  Factory  
  23  2:13  SCV  
  24  2:26  SCV  
  25  2:40  Command Center  
  26  2:51  SCV  
  26  3:01  Supply Depot  
  26  3:03  SCV  
  27  3:15  SCV  
  27  3:18  Starport  
  28  3:23  Supply Depot  
  28  3:25  Barracks Tech Lab  
  28  3:28  SCV  
  29  3:40  SCV  
  30  3:44  Factory Tech Lab  
  30  3:55  SCV, Armory  
  31  4:06  SCV, Refinery  
  31  4:07  SCV  
  33  4:18  SCV  
  33  4:19  SCV  
  35  4:28  Fusion Core  
  35  4:29  Starport Tech Lab  
  35  4:30  SCV  
  36  4:31  SCV  
  37  4:42  SCV  
  37  4:43  SCV  
  39  4:55  SCV x2  
  41  5:02  Command Center  
  41  5:07  SCV x2  
  43  5:17  Battlecruiser  
  43  5:19  SCV  
  43  5:20  SCV  
  43  5:21  Starport  
  51  5:29  Starport  
  51  5:31  SCV  
  51  5:32  SCV  
  53  5:38  Refinery  
  53  5:43  SCV  
  53  5:44  SCV  
  55  5:55  SCV  
  55  5:56  SCV  
  57  6:07  SCV  
  57  6:08  SCV  
  59  6:18  Terran Vehicle And Ship Armor Level 1  
  59  6:19  SCV  
  59  6:21  Battlecruiser  
  59  6:22  Armory  
  59  6:25  Starport  
  66  6:28  Starport Tech Lab x2  
  66  6:50  Weapon Refit  
  66  7:09  Battlecruiser  
  66  7:13  Viking  
  74  7:28  SCV, Refinery  
  75  7:32  SCV x2  
  77  7:46  Refinery  
  77  8:09  SCV  
  77  8:10  SCV  
  77  8:11  SCV  
  76  8:13  Terran Ship Weapons Level 1  
  76  8:19  Barracks  
  72  8:22  SCV  
  73  8:29  Barracks  
  73  8:36  Starport Tech Lab  
  74  8:48  SCV x2  
  74  8:52  Orbital Command  
  75  9:07  Barracks  
  75  9:15  Command Center  
  75  9:16  SCV  
  76  9:17  Barracks, SCV  
  77  9:31  Terran Vehicle And Ship Armor Level 2  
  77  9:40  Building Armor  
  77  9:43  Engineering Bay  
  77  10:03  SCV x2  
  75  10:10  Supply Depot  
  75  10:11  Battlecruiser  
  68  10:27  SCV x2, Battlecruiser  
  75  10:31  Battlecruiser  
  81  10:39  SCV x2  
  83  10:51  Starport, SCV  
  83  10:52  Command Center  
  84  11:03  SCV  
  85  11:20  Refinery, Terran Infantry Weapons Level 1  
  85  12:04  SCV x3, Battlecruiser, Viking x2  
  98  12:15  Starport Reactor  
  98  12:16  SCV x2  
  98  12:19  SCV  
  98  12:20  Starport Tech Lab  
  99  12:26  Supply Depot, Battlecruiser  
  87  12:31  SCV  
  87  12:34  Viking x2  
  74  12:43  SCV  
  75  12:46  SCV  
  75  12:48  Supply Depot  
  76  12:54  Orbital Command  
  76  12:55  SCV  
  76  12:58  SCV  
  78  13:04  Battlecruiser, Viking  
  86  13:07  Refinery  
  86  13:08  Battlecruiser  
  86  13:10  SCV, Refinery  
  86  13:12  Supply Depot, Refinery  
  93  13:15  Terran Infantry Armor Level 1  
  74  13:30  Viking  
  74  13:34  Viking  
  78  13:35  Supply Depot  
  78  13:58  Supply Depot  
  78  14:00  Viking  
  80  14:04  Battlecruiser  
  80  14:08  Viking  
  80  14:12  Viking  
  74  14:20  Supply Depot  
  74  14:24  Battlecruiser  
  74  14:30  Viking  
  77  14:42  Viking  
  77  14:43  Supply Depot  
  61  15:05  Supply Depot  
Show
View Real Time Build Order
Export as new Build Order

JamesLucifer Terran 

Build Orders:  

Get SALT Encoding   

  12  0:02  SCV  
  14  0:14  SCV  
  14  0:18  Supply Depot  
  14  0:26  SCV  
  15  0:34  Refinery  
  15  0:40  SCV  
  16  0:50  Barracks  
  16  0:53  SCV  
  17  1:05  SCV  
  17  1:10  Supply Depot  
  18  1:17  SCV  
  19  1:29  SCV  
  20  1:37  Barracks  
  20  1:56  Command Center  
  20  2:00  Marine  
  21  2:04  SCV  
  22  2:18  Marine  
  22  2:19  SCV  
  24  2:28  Refinery, Engineering Bay  
  24  2:31  Marine  
  24  2:36  Marine  
  26  2:43  Orbital Command  
  26  2:50  Barracks Tech Lab  
  26  3:01  Barracks Reactor  
  26  3:03  Barracks  
  26  3:10  Supply Depot  
  26  3:12  Terran Infantry Weapons Level 1  
  26  3:16  SCV  
  27  3:25  Marauder  
  29  3:28  SCV  
  30  3:40  SCV  
  31  3:47  Supply Depot  
  31  3:52  SCV  
  32  3:59  Missile Turret  
  32  4:04  SCV  
  33  4:17  Engineering Bay  
  33  4:23  Missile Turret  
  33  4:25  Marine  
  33  4:26  Marine  
  35  4:35  Supply Depot  
  35  4:36  Barracks Tech Lab  
  35  4:38  Marauder  
  37  4:43  Marine x2  
  39  4:49  Orbital Command  
  39  4:59  Marauder  
  43  5:00  Marauder  
  43  5:01  Marine x2  
  45  5:19  Marine x2  
  45  5:21  Marauder  
  50  5:27  Marauder  
  51  5:31  Terran Infantry Armor Level 1  
  51  5:36  Marine, Stimpack  
  51  5:37  Marine  
  51  5:42  Marauder  
  55  5:43  SCV  
  55  5:49  Marauder  
  58  5:55  SCV  
  59  6:07  SCV  
  60  6:19  SCV  
  61  6:27  Missile Turret  
  61  6:31  SCV  
  62  6:47  Missile Turret  
  62  7:09  Missile Turret  
  62  7:17  Refinery  
  62  8:09  Refinery  
Show
View Real Time Build Order
Export as new Build Order

TheWordInRed Protoss - Winner!

Build Orders:  

Get SALT Encoding   

  12  0:11  Pylon  
  12  0:56  Pylon, Probe (Chrono Boost)  
  13  0:59  Assimilator  
  13  1:03  Assimilator  
  13  1:08  Probe (Chrono Boost)  
  14  1:16  Probe (Chrono Boost)  
  15  1:27  Probe (Chrono Boost)  
  15  1:31  Forge  
  16  1:34  Gateway  
  17  1:40  Probe (Chrono Boost)  
  17  1:47  Probe (Chrono Boost)  
  18  2:36  Nexus  
  18  2:40  Assimilator  
  18  2:41  Probe (Chrono Boost)  
  19  2:44  Assimilator  
  19  2:46  Pylon  
  20  2:52  Probe (Chrono Boost)  
  20  2:56  Probe (Chrono Boost), Cybernetics Core  
  21  3:08  Probe (Chrono Boost)  
  21  3:12  Pylon  
  22  3:16  Probe (Chrono Boost)  
  23  3:23  Pylon  
  23  3:25  Probe  
  24  3:38  Probe  
  25  3:50  Probe  
  26  3:59  Photon Cannon  
  26  4:01  Photon Cannon  
  26  4:13  Protoss Shields Level 1 (Chrono Boost)  
  26  4:21  Robotics Facility  
  26  4:28  Probe (Chrono Boost)  
  29  4:38  Probe (Chrono Boost)  
  29  4:39  Probe (Chrono Boost)  
  29  4:42  Protoss Air Weapons Level 1  
  31  4:47  Probe x2 (Chrono Boost)  
  31  4:51  Probe (Chrono Boost)  
  31  4:58  Stargate  
  32  5:03  Twilight Council  
  32  5:05  Probe (Chrono Boost)  
  34  5:15  Probe (Chrono Boost)  
  34  5:20  Probe x2 (Chrono Boost)  
  36  5:31  Probe  
  36  5:32  Probe  
  38  5:43  Probe  
  38  5:44  Probe  
  40  5:51  Stargate  
  40  5:55  Probe  
  40  5:56  Probe  
  42  6:07  Probe  
  42  6:08  Probe  
  44  6:13  Fleet Beacon  
  44  6:17  Stargate  
  44  6:19  Protoss Shields Level 2 (Chrono Boost), Probe  
  44  6:21  Stargate  
  45  6:31  Stargate  
  45  6:36  Protoss Air Armor Level 1  
  45  6:37  Stargate  
  45  7:10  Graviton Catapult  
  45  7:28  Nexus  
  45  7:31  Assimilator  
  45  7:36  Assimilator  
  46  7:37  Probe (Chrono Boost), Pylon  
  46  7:41  Probe (Chrono Boost)  
  49  7:52  Probe (Chrono Boost)  
  49  7:53  Probe (Chrono Boost)  
  49  7:56  Photon Cannon  
  49  7:57  Probe (Chrono Boost)  
  49  7:58  Photon Cannon  
  49  8:00  Probe  
  51  8:07  Probe  
  52  8:19  Probe  
  53  8:26  Carrier  
  59  8:27  Carrier  
  59  8:30  Pylon, Protoss Air Weapons Level 2  
  59  8:33  Pylon  
  65  8:35  Pylon  
  65  8:37  Pylon, Protoss Shields Level 3  
  65  8:40  Pylon  
  65  8:42  Pylon  
  65  8:44  Probe (Chrono Boost)  
  65  8:46  Pylon  
  66  8:51  Probe (Chrono Boost), Pylon  
  66  8:55  Probe (Chrono Boost)  
  68  8:59  Probe (Chrono Boost)  
  68  9:01  Probe (Chrono Boost)  
  68  9:02  Pylon  
  70  9:03  Probe (Chrono Boost)  
  70  9:05  Pylon  
  70  9:07  Pylon  
  71  9:10  Probe  
  71  9:15  Observer  
  73  9:22  Probe  
  74  9:37  Observer  
  75  9:41  Carrier  
  75  9:42  Carrier  
  87  9:47  Carrier  
  93  9:55  Carrier  
  99  10:08  Carrier (Chrono Boost)  
  111  10:45  Protoss Air Armor Level 2  
  111  10:46  Carrier (Chrono Boost)  
  111  10:50  Mothership (Chrono Boost)  
  125  11:17  Carrier (Chrono Boost)  
  95  12:44  Carrier x5  
  95  12:45  Carrier  
Show
View Real Time Build Order
Export as new Build Order

Darc Protoss - Winner!

Build Orders:  

Get SALT Encoding   

  12  0:21  Probe  
  13  0:26  Pylon  
  13  0:30  Assimilator  
  13  0:33  Probe (Chrono Boost)  
  14  0:42  Probe (Chrono Boost)  
  15  0:47  Probe (Chrono Boost)  
  16  0:51  Gateway  
  16  0:59  Probe  
  17  1:11  Probe, Gateway  
  18  1:20  Assimilator  
  18  1:23  Probe  
  19  1:35  Probe  
  19  1:37  Forge  
  20  1:46  Pylon  
  20  1:47  Probe  
  20  1:52  Pylon  
  21  1:59  Zealot  
  23  2:04  Probe  
  23  2:06  Zealot  
  26  2:26  Zealot, Protoss Ground Weapons Level 1  
  28  2:33  Zealot  
  30  2:47  Probe  
  31  3:07  Nexus  
  31  3:11  Assimilator  
  31  3:15  Probe  
  32  3:27  Probe  
  32  3:29  Assimilator  
  33  3:39  Probe  
  33  3:41  Pylon  
  34  3:51  Probe  
  35  3:57  Zealot x2  
  39  4:06  Pylon  
  39  4:09  Pylon  
  39  4:10  Probe  
  39  4:12  Pylon  
  40  4:22  Probe  
  41  4:27  Protoss Shields Level 1  
  41  4:34  Probe  
  41  4:37  Cybernetics Core  
  42  4:46  Probe (Chrono Boost)  
  43  4:58  Probe (Chrono Boost)  
  45  5:01  Probe (Chrono Boost)  
  45  5:02  Zealot  
  45  5:04  Probe (Chrono Boost), Zealot  
  50  5:07  Probe  
  50  5:13  Probe  
  52  5:19  Probe  
  53  5:25  Probe  
  53  5:26  Warp Gate  
  54  5:31  Probe  
  54  5:34  Gateway x2  
  55  5:37  Probe  
  56  5:43  Probe  
  56  5:49  Probe  
  58  5:55  Probe  
  59  6:05  Nexus  
  59  6:08  Assimilator  
  59  6:12  Assimilator  
  59  6:13  Probe  
  60  6:19  Stalker x2  
  60  6:22  Stalker x2  
  68  6:26  Protoss Ground Armor Level 1 (Chrono Boost)  
  68  6:42  Twilight Council  
  68  6:49  Stalker x2  
  68  6:52  Stalker x2  
  76  7:08  Forge  
  76  7:21  Forge  
  76  7:42  Blink (Chrono Boost)  
  76  7:46  Stalker x3  
  76  7:47  Stalker  
  76  7:50  Protoss Shields Level 2 (Chrono Boost), Protoss Ground Weapons Level 2 (Chrono Boost)  
  84  8:13  Stalker  
  84  8:18  Stalker x2  
  84  8:19  Protoss Ground Armor Level 2 (Chrono Boost), Stalker  
  92  8:46  Probe x2  
  92  8:47  Probe  
  95  8:53  Stalker x3  
  101  9:01  Pylon  
  101  9:03  Pylon  
  101  9:04  Pylon  
  101  9:19  Probe x3  
  101  9:21  Stalker  
  101  9:22  Stalker x3  
  112  9:31  Probe x3  
  115  9:40  Charge (Chrono Boost)  
  115  9:48  Zealot x2  
  115  9:49  Zealot x2  
  123  10:18  Zealot  
  125  10:47  Pylon  
  125  10:53  Pylon  
  125  10:59  Pylon  
  125  11:04  Pylon  
  125  11:06  Protoss Ground Weapons Level 3  
  125  11:07  Protoss Ground Armor Level 3, Protoss Shields Level 3  
  125  11:08  Pylon  
  125  11:12  Pylon  
  125  11:15  Zealot x4  
  133  11:18  Pylon  
  133  11:23  Pylon  
  133  11:27  Pylon  
  133  11:33  Pylon  
  133  11:36  Pylon  
  133  11:42  Pylon  
  133  11:48  Pylon  
  133  11:52  Pylon  
  105  12:17  Stalker x2  
  105  12:18  Stalker x2  
  109  12:45  Stalker x2  
  109  12:46  Stalker x2  
  87  13:41  Stalker  
  87  13:42  Stalker x3  
  95  14:09  Stalker  
  97  14:10  Stalker x3  
  99  15:07  Stalker x3  
  99  15:08  Stalker  
Show
View Real Time Build Order
Export as new Build Order

Infamous Protoss - Winner!

Build Orders: 1 Gate Expand, Carrier Rush 

Get SALT Encoding   

  12  0:01  Probe  
  13  0:15  Pylon  
  13  0:20  Probe (Chrono Boost)  
  14  0:31  Probe (Chrono Boost)  
  15  0:35  Gateway  
  15  0:47  Probe  
  15  0:49  Assimilator  
  16  1:05  Probe  
  17  1:25  Nexus  
  17  1:26  Probe  
  18  1:37  Cybernetics Core  
  18  1:51  Probe (Chrono Boost)  
  19  1:59  Pylon  
  19  2:01  Assimilator  
  19  2:08  Probe  
  20  2:22  Stargate  
  20  2:24  Warp Gate (Chrono Boost)  
  20  2:28  Probe  
  21  2:40  Probe  
  22  2:54  Probe (Chrono Boost)  
  24  2:59  Probe (Chrono Boost)  
  24  3:04  Probe (Chrono Boost)  
  25  3:10  Fleet Beacon  
  25  3:23  Probe (Chrono Boost)  
  27  3:27  Probe (Chrono Boost)  
  27  3:36  Probe (Chrono Boost)  
  27  3:37  Pylon  
  28  3:47  Shield Battery  
  28  3:55  Probe (Chrono Boost)  
  30  4:00  Probe (Chrono Boost)  
  29  4:07  Stargate  
  29  4:08  Probe (Chrono Boost)  
  29  4:09  Probe (Chrono Boost)  
  31  4:10  Stargate  
  31  4:11  Assimilator  
  32  4:19  Probe (Chrono Boost)  
  32  4:21  Probe (Chrono Boost)  
  33  4:27  Probe (Chrono Boost)  
  33  4:28  Assimilator  
  33  4:29  Probe  
  35  4:38  Probe  
  35  4:39  Pylon  
  35  4:41  Probe  
  35  4:42  Pylon  
  37  4:46  Carrier  
  43  5:00  Probe x2  
  45  5:08  Forge  
  45  5:10  Graviton Catapult (Chrono Boost)  
  45  5:12  Probe x2  
  47  5:27  Probe (Chrono Boost)  
  49  5:31  Probe (Chrono Boost)  
  49  5:36  Shield Battery  
  49  5:37  Carrier  
  55  5:45  Protoss Air Armor Level 1  
  55  5:48  Probe (Chrono Boost)  
  57  5:54  Probe (Chrono Boost)  
  57  6:00  Probe (Chrono Boost)  
  57  6:02  Probe (Chrono Boost)  
  59  6:07  Carrier  
  65  6:17  Nexus  
  65  6:19  Pylon  
  65  6:21  Pylon, Probe (Chrono Boost)  
  65  6:24  Pylon  
  67  6:26  Probe (Chrono Boost)  
  67  6:37  Carrier  
  73  6:45  Photon Cannon  
  73  6:47  Photon Cannon  
  73  6:56  Probe  
  73  6:57  Probe  
  73  6:59  Anion Pulse-Crystals (Chrono Boost)  
  75  7:08  Carrier  
  81  7:21  Probe x2  
  83  7:25  Assimilator  
  83  7:33  Probe  
  83  7:35  Probe x2  
  86  7:41  Carrier  
  92  7:45  Probe  
  93  7:56  Assimilator  
  93  7:57  Photon Cannon  
  93  7:59  Pylon  
  93  8:01  Photon Cannon  
  93  8:02  Pylon  
  93  8:05  Photon Cannon, Protoss Air Weapons Level 1 (Chrono Boost)  
  93  8:08  Photon Cannon  
  93  8:13  Stargate  
  93  8:15  Stargate  
  93  8:29  Probe  
  93  8:30  Probe x2  
  93  8:31  Carrier (Chrono Boost)  
  102  8:41  Carrier (Chrono Boost)  
  108  8:50  Probe  
  108  8:51  Probe x2  
  111  9:08  Carrier (Chrono Boost)  
  121  9:23  Void Ray (Chrono Boost)  
  121  9:34  Probe  
  121  9:35  Probe x2  
  121  9:36  Pylon  
  121  9:37  Pylon  
  124  9:40  Pylon  
  124  9:43  Photon Cannon  
  124  9:47  Photon Cannon  
  124  9:51  Pylon  
  124  9:53  Carrier  
  124  9:54  Carrier  
  124  9:56  Pylon  
  136  10:02  Protoss Air Armor Level 2 (Chrono Boost)  
  94  10:55  Carrier x2  
  94  10:56  Carrier  
  112  10:58  Probe x2  
  75  11:59  Carrier  
  75  12:00  Protoss Air Weapons Level 2 (Chrono Boost)  
  75  12:01  Carrier  
  87  12:13  Protoss Shields Level 1 (Chrono Boost)  
  87  12:42  Pylon, Nexus  
  87  12:44  Pylon  
  87  12:46  Pylon  
  87  12:48  Pylon  
  87  13:06  Assimilator  
  87  13:10  Assimilator  
  87  13:12  Photon Cannon  
  87  13:14  Probe x2  
  87  13:16  Photon Cannon  
  87  13:19  Photon Cannon  
  89  13:21  Photon Cannon  
  89  13:26  Carrier x2  
  101  13:27  Pylon  
  101  13:30  Pylon, Carrier  
  89  14:06  Carrier  
  89  14:07  Carrier  
  89  14:35  Probe  
  89  14:36  Probe x2  
  92  14:48  Probe  
  93  15:01  Twilight Council  
  99  15:13  Probe  
  99  15:14  Probe x2  
Show
View Real Time Build Order
Export as new Build Order

NastyBoogeR Protoss - Winner!

Build Orders: Phoenix Opening 

Get SALT Encoding   

  12  0:10  Assimilator  
  12  0:16  Assimilator  
  12  0:18  Probe (Chrono Boost)  
  14  0:28  Probe (Chrono Boost)  
  14  0:33  Probe (Chrono Boost)  
  15  0:38  Pylon  
  15  0:56  Probe (Chrono Boost)  
  16  0:58  Gateway  
  16  1:08  Probe (Chrono Boost)  
  17  1:13  Probe (Chrono Boost)  
  18  1:22  Probe  
  19  1:34  Probe  
  20  1:46  Probe  
  21  1:47  Cybernetics Core  
  21  1:53  Pylon  
  21  1:58  Probe (Chrono Boost)  
  23  2:10  Probe (Chrono Boost)  
  23  2:14  Probe (Chrono Boost)  
  24  2:24  Probe  
  24  2:29  Stargate  
  25  2:33  Stargate  
  25  2:39  Pylon  
  25  2:41  Pylon  
  25  2:48  Protoss Air Weapons Level 1 (Chrono Boost)  
  25  2:49  Pylon  
  25  3:20  Phoenix  
  25  3:21  Phoenix  
  29  3:45  Phoenix  
  29  3:46  Phoenix  
  33  3:52  Forge  
  33  4:00  Pylon  
  33  4:10  Phoenix x2  
  37  4:26  Protoss Air Armor Level 1 (Chrono Boost)  
  37  4:27  Photon Cannon  
  37  4:31  Photon Cannon  
  37  4:39  Phoenix  
  39  4:54  Phoenix  
  41  5:22  Phoenix  
  39  6:16  Phoenix x2  
  43  6:26  Photon Cannon  
  43  6:29  Pylon  
  43  6:34  Photon Cannon  
  43  6:37  Pylon  
  43  6:42  Phoenix (Chrono Boost)  
  43  6:46  Pylon  
  45  6:47  Pylon  
  45  6:54  Phoenix (Chrono Boost)  
  49  7:12  Phoenix (Chrono Boost)  
  49  7:13  Phoenix (Chrono Boost)  
  37  7:55  Phoenix x2  
  41  8:31  Phoenix  
  41  8:32  Phoenix  
  45  8:56  Phoenix (Chrono Boost)  
  45  8:58  Phoenix (Chrono Boost)  
  49  9:15  Phoenix (Chrono Boost)  
  51  9:31  Phoenix  
  53  9:51  Phoenix  
  51  10:25  Phoenix x2  
  53  10:50  Phoenix (Chrono Boost)  
  53  10:51  Phoenix (Chrono Boost)  
  57  11:12  Phoenix x2 (Chrono Boost)  
  61  11:33  Phoenix  
  63  11:45  Phoenix  
  61  12:40  Phoenix x2  
  65  12:50  Nexus  
  65  12:55  Assimilator  
  65  12:59  Assimilator  
  65  13:02  Pylon  
  65  13:05  Phoenix  
  67  13:19  Phoenix  
Tags
 
Add a new tag
Caveats
  • Supply blocks, unpowered buildings, or Contaminate may cause inaccurate times.
  • Supply counts are checked every 10 seconds.